 Dungeon Crawl Stone Soup version 0.28-a0-1506-g3893175d92 (webtiles) character file.

Game seed: 7307628825610890831

3491 oldriver the Nimble (level 10, -4/69 HPs)
             Began as a Gnoll Gladiator on Jan 14, 2022.
             Slain by a gargoyle (12 damage)
             ... on level 10 of the Dungeon.
             The game lasted 00:14:13 (11398 turns).

oldriver the Nimble (Gnoll Gladiator)              Turns: 11398, Time: 00:14:14

Health: -4/69      AC: 11    Str: 19 (20) XL:     10   Next: 7%
Magic:  14/17      EV: 13    Int: 13      God:
Gold:   156        SH: 11    Dex: 13 (14) Spells: 15/18 levels left

rFire   + . .      SeeInvis .   e - +3 hand axe (flame)
rCold   . . .      Faith    .   g - +2 kite shield {AC+3}
rNeg    . . .      Spirit   .   b - +0 leather armour
rPois   +          Reflect  .   c - +0 helmet
rElec   .          Harm     .   o - +1 cloak
rCorr   .          Rampage  .   m - +0 pair of gloves
Will    .....                   (no boots)
Stlth   +++.......              (no amulet)
HPRegen 0.21/turn               y - ring of wizardry
MPRegen 0.15/turn               s - ring "Fyuschol" {rPois rF+ Int+6}

@: mighty, hasted, very quick
A: fangs 1, strong nose, distributed training, frail 1, strong 1
a: no special abilities


You were on level 10 of the Dungeon.
You visited 2 branches of the dungeon, and saw 10 of its levels.
You also visited: Ossuary.

You collected 366 gold pieces.
You spent 210 gold pieces at shops.

Inventory:

Hand Weapons
 e - a +3 hand axe of flaming (weapon)
 v - a +2 short sword of venom
Missiles
 d - 2 throwing nets
 j - 7 poisoned darts
 k - 128 stones
 n - 3 silver boomerangs
Armour
 b - a +0 leather armour (worn)
 c - a +0 helmet (worn)
 g - a +2 kite shield of protection (worn)
 m - a +0 pair of gloves (worn)
 o - a +1 cloak (worn)
Jewellery
 p - a ring of resist corrosion
 s - the ring "Fyuschol" (right hand) {rPois rF+ Int+6}
   (You acquired it on level 5 of the Dungeon)

   [ring of intelligence]

   Int:       It affects your intelligence (+6).
   rF:        It protects you from fire.
   rPois:     It protects you from poison.
 y - a ring of wizardry (left hand)
 B - a ring of wizardry
Wands
 a - a wand of acid (6)
 q - a wand of iceblast (7)
 u - a wand of flame (15)
 z - a wand of mindburst (28)
Scrolls
 h - 4 scrolls of identify
 i - a scroll of blinking
 l - a scroll of vulnerability
 x - 2 scrolls of fog
 A - a scroll of fear {unknown}
Potions
 f - 2 potions of might
 t - 2 potions of curing
 w - a potion of degeneration
 D - a potion of mutation
Miscellaneous
 C - a piece from Xom's chessboard (13/15)


   Skills:
 + Level 6.8 Fighting
 + Level 4.9 Short Blades
 + Level 8.3 Long Blades
 + Level 4.9 Axes
 + Level 4.9 Maces & Flails
 + Level 4.9 Polearms
 + Level 4.9 Staves
 + Level 4.9 Slings
 + Level 4.9 Bows
 + Level 4.9 Crossbows
 + Level 6.8 Throwing
 + Level 4.9 Armour
 + Level 8.3 Dodging
 + Level 4.9 Stealth
 + Level 4.9 Shields
 + Level 4.9 Unarmed Combat
 + Level 4.9 Spellcasting
 + Level 4.0 Conjurations
 + Level 4.0 Hexes
 + Level 4.0 Summonings
 + Level 4.0 Necromancy
 + Level 4.0 Translocations
 + Level 4.0 Transmutations
 + Level 4.0 Fire Magic
 + Level 4.0 Ice Magic
 + Level 4.0 Air Magic
 + Level 4.0 Earth Magic
 + Level 4.0 Poison Magic
 + Level 5.4 Invocations
 + Level 4.9 Evocations


You had 15 spell levels left.
You knew the following spells:

 Your Spells              Type           Power      Damage    Failure   Level
a - Magic Dart            Conj           52%        1d5       4%          1
b - Searing Ray           Conj           26%        2d5       8%          2

Your spell library contained the following spells:

 Spells                   Type           Power      Damage    Failure   Level
 Fulminant Prism          Conj/Hex       6%         3d7       41%         4


Dungeon Overview and Level Annotations

Branches:
Dungeon (8/15)             Temple (1/1) D:4         Ossuary (visited)
   Lair: D:8-11

Altars:
Ashenzari
Cheibriados
Dithmenos
Elyvilon
Fedhas
Hepliaklqana
Kikubaaqudgha
Makhleb
Nemelex Xobeh
Okawaru
Qazlal
Ru
Sif Muna
Trog
Uskayaw
Vehumet
Wu Jian
Yredelemnul
Zin
The Shining One
Jiyva

Shops:
D:2 (   D:5 [

Annotations:
D:5 2 transporters, horus123's ghost, amateur DECj
D:8 3 runed translucent doors, tatocazan's ghost, novice GrFi


Innate Abilities, Weirdness & Mutations

You have very sharp teeth.
Your uncanny sense of smell can sniff out nearby items.
Your experience applies equally to all skills.
You are frail. (-10% HP)
Your muscles are strong. (Str +2)


Message History

The stone arrow hits you!
You barely miss the gargoyle.
You bite the gargoyle, but do no damage.
The gargoyle is lightly damaged.
You block the gargoyle's attack. The gargoyle hits you with a +0 mace!
You barely miss the gargoyle. Your bite misses the gargoyle.
The gargoyle is lightly damaged.
The gargoyle misses you.
You hit the gargoyle but do no damage.
The gargoyle is lightly damaged.
The gargoyle hits you with a +0 mace.
You hit the gargoyle but do no damage.
The gargoyle is lightly damaged.
You block the gargoyle's attack.
You hit the gargoyle but do no damage.
The gargoyle is lightly damaged.
You block the gargoyle's attack.
You hit the gargoyle but do no damage.
You bite the gargoyle, but do no damage.
The gargoyle is lightly damaged.
The gargoyle hits you with a +0 mace!
You hit the gargoyle. You burn the gargoyle.
The gargoyle is moderately damaged.
The gargoyle hurls a stone arrow at you.
The stone arrow hits you!!
* * * LOW HITPOINT WARNING * * *
You block the gargoyle's attack.
Casting: Searing Ray (safe; 8% risk of failure)
Confirm with . or Enter, or press ? or * to list all spells.
Okay, then.
You feel yourself speed up. The gargoyle completely misses you.
It was a potion of might.
You feel very mighty all of a sudden.
You completely miss the gargoyle.
The gargoyle is moderately damaged.
The gargoyle hurls a stone arrow at you.
The stone arrow hits you!
* * * LOW HITPOINT WARNING * * *
You feel better. The gargoyle hits you with a +0 mace!
You die...

#..#.#†^.#^..P.P##
###.#.........#..P#
#...#####...P...###
####..#..P....### ∆
##.÷.^....##
###^.####P# ###^##
## ####.†##
##@...## #9.#### ∆
#.## #$# ... ∆ #.#.
#. .. #. 9. .. ...


You could see a gargoyle.

Vanquished Creatures
  A troll (D:10)
  Prince Ribbit (D:5)
  3 wraiths
  Menkaure (D:7)
  A steam dragon (D:8)
  2 water moccasins (D:7)
  Duvessa (D:4)
  An orc warrior (D:8)
  2 black bears (D:6)
  A necrophage (D:4)
  A centaur (D:6)
  A gnoll sergeant (D:6)
  A bullfrog (D:6)
  6 scorpions
  A water moccasin zombie (D:6)
  Dowan (D:4)
  3 wights (Ossuary)
  2 centaur zombies
  4 hounds
  A jelly (D:5)
  Crazy Yiuf (D:3)
  5 orc priests
  2 bullfrog skeletons
  4 iguanas
  2 orc wizards
  A killer bee zombie (D:7)
  A hound zombie (D:5)
  A mummy (D:5)
  A howler monkey skeleton (D:6)
  7 gnolls
  10 adders
  2 white imps
  2 ufetubi
  A worm (D:3)
  A dart slug (D:5)
  28 orcs
  12 bats
  6 endoplasms
  3 giant cockroaches
  5 goblins
  7 hobgoblins
  10 jackals
  5 kobolds
  2 quokkas
  4 ball pythons
  2 ball python skeletons (Ossuary)
  9 frilled lizards
  A hobgoblin skeleton (Ossuary)
  2 hobgoblin zombies
  2 kobold zombies
  2 orc skeletons (Ossuary)
  2 orc zombies (D:5)
  4 rats
182 creatures vanquished.

Vanquished Creatures (others)
  8 fungi (D:10)
8 creatures vanquished.

Grand Total: 190 creatures vanquished

Notes
Turn   | Place    | Note
-------+----------+-------------------------------------------
     0 | D:1      | oldriver the Gnoll Gladiator began the quest for the Orb.
     0 | D:1      | Reached XP level 1. HP: 20/20 MP: 1/1
   189 | D:1      | Reached XP level 2. HP: 26/26 MP: 2/2
   508 | D:1      | Reached XP level 3. HP: 28/31 MP: 3/3
   916 | D:2      | Reached skill level 1 in Short Blades
   916 | D:2      | Reached skill level 1 in Axes
   916 | D:2      | Reached skill level 1 in Maces & Flails
   916 | D:2      | Reached skill level 1 in Polearms
   916 | D:2      | Reached skill level 1 in Staves
   916 | D:2      | Reached skill level 1 in Slings
   916 | D:2      | Reached skill level 1 in Bows
   916 | D:2      | Reached skill level 1 in Crossbows
   916 | D:2      | Reached skill level 1 in Armour
   916 | D:2      | Reached skill level 1 in Stealth
   916 | D:2      | Reached skill level 1 in Shields
   916 | D:2      | Reached skill level 1 in Unarmed Combat
   916 | D:2      | Reached skill level 1 in Spellcasting
   916 | D:2      | Reached skill level 1 in Invocations
   916 | D:2      | Reached skill level 1 in Evocations
   916 | D:2      | Reached XP level 4. HP: 7/38 MP: 5/5
  1637 | D:2      | Found Geudav's Antique Weapon Boutique.
  1670 | D:2      | Reached skill level 1 in Conjurations
  1670 | D:2      | Reached skill level 1 in Hexes
  1670 | D:2      | Reached skill level 1 in Summonings
  1670 | D:2      | Reached skill level 1 in Necromancy
  1670 | D:2      | Reached skill level 1 in Translocations
  1670 | D:2      | Reached skill level 1 in Transmutations
  1670 | D:2      | Reached skill level 1 in Fire Magic
  1670 | D:2      | Reached skill level 1 in Ice Magic
  1670 | D:2      | Reached skill level 1 in Air Magic
  1670 | D:2      | Reached skill level 1 in Earth Magic
  1670 | D:2      | Reached skill level 1 in Poison Magic
  2381 | D:3      | Reached XP level 5. HP: 43/43 MP: 6/6
  2957 | D:3      | Found a runed translucent door.
  2958 | D:3      | Noticed Crazy Yiuf
  3375 | D:4      | Reached XP level 6. HP: 42/50 MP: 8/8
  3527 | D:4      | Found a staircase to the Ecumenical Temple.
  3617 | D:4      | Reached skill level 5 in Fighting
  3617 | D:4      | Reached skill level 5 in Throwing
  3681 | D:4      | Found a broken altar of Ashenzari.
  3826 | D:4      | Noticed a necrophage
  3835 | D:4      | Killed a necrophage
  4068 | D:4      | Noticed Duvessa
  4069 | D:4      | Noticed Dowan
  4089 | D:4      | Killed Duvessa
  4090 | D:4      | Reached XP level 7. HP: 43/56 MP: 10/10
  4289 | D:4      | Found a sacrificial altar of Ru.
  4496 | D:4      | Killed Dowan
  5139 | D:5      | Entered Level 5 of the Dungeon
  5189 | Temple   | Entered the Ecumenical Temple
  5623 | D:5      | Noticed Prince Ribbit
  5630 | D:5      | Gained mutation: You are frail. (-10% HP) [potion of
                  | mutation]
  5630 | D:5      | Gained mutation: Your muscles are strong. (Str +2) [potion
                  | of mutation]
  5633 | D:5      | Killed Prince Ribbit
  5634 | D:5      | Reached XP level 8. HP: 16/56 MP: 10/12
  5975 | D:3      | Killed Crazy Yiuf
  6224 | D:5      | Found Coufiuha's Antique Armour Emporium.
  6233 | D:5      | Bought a shiny kite shield for 210 gold pieces
  6568 | D:5      | Found a transporter.
  6577 | D:5      | Noticed horus123's ghost (amateur DECj)
  6580 | D:5      | Found a transporter.
  6811 | D:5      | Identified a scroll of acquirement
  6811 | D:5      | Acquired the ring "Fyuschol" {rPois rF+ Int+6}
  7038 | D:5      | Learned a level 1 spell: Magic Dart
  7071 | D:6      | Found a sand-covered staircase.
  7081 | Ossuary  | Entered an ossuary
  7220 | Ossuary  | Noticed a wraith
  7220 | Ossuary  | Noticed a flying skull
  7255 | Ossuary  | Noticed a flying skull
  7263 | Ossuary  | Noticed a wraith
  7283 | Ossuary  | Killed a wraith
  7482 | Ossuary  | Noticed a flying skull
  7507 | Ossuary  | Noticed a wraith
  7520 | Ossuary  | Killed a wraith
  7876 | D:6      | Reached XP level 9. HP: 61/62 MP: 14/14
  9398 | D:7      | Found a glowing silver altar of Zin.
  9569 | D:7      | Noticed Menkaure
  9578 | D:7      | Killed Menkaure
  9889 | D:7      | Learned a level 2 spell: Searing Ray
  9910 | D:7      | Noticed a cyclops
  9910 | D:7      | Noticed a two-headed ogre
 10145 | D:7      | Found an iron altar of Okawaru.
 10404 | D:8      | Reached skill level 5 in Invocations
 10757 | D:8      | Found a runed translucent gate.
 10757 | D:8      | Found a runed translucent gate.
 10757 | D:8      | Found a runed translucent gate.
 10759 | D:8      | Found a viscous altar of Jiyva.
 10759 | D:8      | Noticed tatocazan's ghost (novice GrFi)
 10785 | D:8      | You fall into a shaft and drop 2 floors!
 10785 | D:10     | Entered Level 10 of the Dungeon
 10939 | D:10     | Noticed a troll
 11065 | D:10     | Killed a troll
 11089 | D:10     | Reached XP level 10. HP: 25/69 MP: 9/17
 11376 | D:10     | Noticed a gargoyle
 11397 | D:10     | HP: 2/69 [gargoyle/stone arrow (10)]
 11398 | D:10     | Slain by a gargoyle

Illustrated notes

Levels and vault maps discovered:
D:1:      nagdon_arrival_double_spiral, layout_rooms, amethyst_killhole,
          minmay_misc_feat_tower
D:2:      layout_loops_ring, serial_shops,
          nicolae_shop_competitors_out_of_business
D:3:      layout_basic, uniq_crazy_yiuf_cottage
D:4:      layout_layer_cave, lemuel_coloured_pillars_altar, marbit_many_paths,
          minmay_temple_entry_mist, uniq_duvessa
D:5:      layout_basic, serial_shops, nicolae_lakefront_shop,
          gammafunk_ghost_arena, grunt_decor_fettered, minmay_mini_ossuary,
          uniq_prince_ribbit1
D:6:      layout_cave_pools, lightli_ossuary_entry_decrepit_ruins,
          minmay_checkerbox
D:7:      kennysheep_big_flooded_room, layout_basic,
          mainiacjoe_overflow_small_starburst, zin_academy, uniq_menkaure
D:8:      layout_cave_pods, nicolae_overflow_hidden_temple, enter_bailey_2,
          gammafunk_ghost_ooze
D:10:     old_forge, layout_loops_ring, lair_entry_dummy, minivault_22,
          minmay_fractal_squares_gapless_7
Temple:   regret_index_temple_sphere_string

Skill      XL: |  1  2  3  4  5  6  7  8  9 |
---------------+----------------------------+-----
Short Blades   | 1 2 3 4 |  4.9
Axes           | 1 2 3 4 |  4.9
Maces & Flails | 1 2 3 4 |  4.9
Polearms       | 1 2 3 4 |  4.9
Staves         | 1 2 3 4 |  4.9
Slings         | 1 2 3 4 |  4.9
Bows           | 1 2 3 4 |  4.9
Crossbows      | 1 2 3 4 |  4.9
Armour         | 1 2 3 4 |  4.9
Stealth        | 1 2 3 4 |  4.9
Shields        | 1 2 3 4 |  4.9
Unarmed Combat | 1 2 3 4 |  4.9
Spellcasting   | 1 2 3 4 |  4.9
Invocations    | 1 2 3 4 5 |  5.4
Evocations     | 1 2 3 4 |  4.9
Conjurations   | 1 2 3 4 |  4.0
Hexes          | 1 2 3 4 |  4.0
Summonings     | 1 2 3 4 |  4.0
Necromancy     | 1 2 3 4 |  4.0
Translocations | 1 2 3 4 |  4.0
Transmutations | 1 2 3 4 |  4.0
Fire Magic     | 1 2 3 4 |  4.0
Ice Magic      | 1 2 3 4 |  4.0
Air Magic      | 1 2 3 4 |  4.0
Earth Magic    | 1 2 3 4 |  4.0
Poison Magic   | 1 2 3 4 |  4.0
Fighting       | 5 6 |  6.8
Throwing       | 5 6 |  6.8
Long Blades    | 7 8 |  8.3
Dodging        | 7 8 |  8.3

Action                   |  1- 3 |  4- 6 |  7- 9 | 10-12 || total
-------------------------+-------+-------+-------+-------++-------
Melee: Long sword        |    15 |       |       |       ||    15
       Bite              |     7 |    14 |    49 |     3 ||    73
       Hand axe          |    51 |     4 |   291 |    17 ||   363
       Dagger            |       |   162 |    90 |       ||   252
       Punch             |       |     2 |     1 |       ||     3
       Short sword       |       |       |    42 |       ||    42
Throw: Throwing net      |     3 |       |       |       ||     3
       Boomerang         |       |    21 |     5 |       ||    26
       Dart              |       |     1 |     2 |       ||     3
       Stone             |       |       |    36 |       ||    36
 Cast: Magic Dart        |       |       |    25 |       ||    25
       Searing Ray       |       |       |     6 |     1 ||     7
Evoke: Wand              |       |     1 |     3 |       ||     4
       Piece from Xom's  |       |       |     5 |       ||     5
  Use: Potion            |     2 |       |     6 |     3 ||    11
       Scroll            |       |     5 |    10 |       ||    15
 Stab: Sleeping          |       |     4 |    11 |     2 ||    17
       Petrified         |       |       |     8 |       ||     8
Armor: Leather armour    |    25 |    44 |   126 |     3 ||   198
Dodge: Dodged            |    43 |   117 |   241 |     4 ||   405
Block: Kite shield       |       |       |   219 |     8 ||   227

Table legend: (Time is in decaauts)
 A = Elapsed time spent in this place.
 B = Non-inter-level travel time spent in this place.
 C = Inter-level travel time spent in this place.
 D = Time resting spent in this place.
 E = Time spent auto-exploring this place.
 F = Levels seen in this place.
 G = Mean time per level.
                   A        B        C        D        E       F      G
               +--------+--------+--------+--------+--------+-----+--------+
         Total |  11533 |  11067 |    466 |   2969 |   5958 |  11 | 1048.5 |
       Dungeon |  10567 |  10134 |    433 |   2557 |   5730 |   9 | 1174.1 |
        Temple |    194 |    161 |     33 |      0 |    116 |   1 |  194.0 |
       Ossuary |    771 |    771 |      0 |    412 |    112 |   1 |  771.0 |
               +--------+--------+--------+--------+--------+-----+--------+

Top non-repeatable levels by time:
     D:4: 2115 daAuts
     D:5: 1517 daAuts
     D:2: 1467 daAuts
     D:3: 1330 daAuts
     D:6: 1200 daAuts
     D:7: 1011 daAuts
     D:1: 885 daAuts
 Ossuary: 771 daAuts
    D:10: 627 daAuts
     D:8: 412 daAuts
  Temple: 194 daAuts
